 Seeded DCSS version 0.29.1-1-gd02db6906a (webtiles) character file.

Game seed: 17195112358176230577 (custom seed)

446 GigaChad the Covered (level 6, -1/56 HPs)
             Began as a Minotaur Fighter on Sept 30, 2022.
             Killed by divine providence
             ... invoked by an orc priest
              (7 damage)
             ... on level 5 of the Dungeon on Oct 3, 2022.
             The game lasted 00:09:07 (2684 turns).

GigaChad the Covered (Minotaur Fighter)             Turns: 2684, Time: 00:09:09

Health: -1/56      AC:  7    Str: 22    XL:     6   Next: 73%
Magic:  5/5        EV: 11    Int:  5    God:
Gold:   167        SH:  4    Dex: 10    Spells: 5/5 levels left

rFire   . . .      SeeInvis .   f - +1 demon whip (venom)
rCold   . . .      Faith    .   c - +0 buckler
rNeg    . . .      Spirit   .   b - +0 scale mail
rPois   .          Reflect  .   (helmet restricted)
rElec   .          Harm     .   (no cloak)
rCorr   .          Rampage  .   (no gloves)
Will    .....                   (no boots)
Stlth   ..........              (no amulet)
HPRegen 0.18/turn               (no ring)
MPRegen 0.09/turn               (no ring)

@: no status effects
A: horns 2, retaliatory headbutt
a: no special abilities


You were on level 5 of the Dungeon.
You visited 1 branch of the dungeon, and saw 5 of its levels.

You collected 167 gold pieces.

Inventory:

Hand Weapons
 a - a +0 long sword
 f - a +1 demon whip of venom (weapon)
 l - a +2 flail of distortion
Armour
 b - a +0 scale mail (worn)
 c - a +0 buckler (worn)
 g - the +0 helmet of Patience {rCorr Str+3}
   (You found it on level 2 of the Dungeon)

   Str:       It affects your strength (+3).
   rCorr:     It protects you from acid and corrosion.
Wands
 k - a wand of flame (30)
Scrolls
 e - 2 scrolls of immolation {unknown}
 m - a scroll of blinking
 o - 2 scrolls of identify {unknown}
 p - a scroll of poison {unknown}
Potions
 d - a potion of might
 h - a potion of magic {unknown}
 i - 4 potions of curing {unknown}
 j - a potion of haste {unknown}
 n - a potion of flight {unknown}


   Skills:
 - Level 5.1 Fighting
 - Level 2.4 Long Blades
 + Level 6.0 Armour
 - Level 5.0 Dodging
 - Level 3.8 Shields


You had 5 spell levels left.
You didn't know any spells.
Your spell library contained the following spells:

 Spells                   Type           Power      Damage    Failure   Level
 Blink                    Tloc           0%         N/A       95%         2
 Lesser Beckoning         Tloc           0%         N/A       99%         3
 Manifold Assault         Tloc           0%         N/A       100%        5


Dungeon Overview and Level Annotations

Branches:
Dungeon (5/15)
 Temple: D:4-7

Altars:
Wu Jian


Innate Abilities, Weirdness & Mutations

You have a pair of horns on your head.
You reflexively headbutt those who attack you in melee.


Message History

You kill the quokka!
Found a coppery potion.
The orc closely misses you.
You see here a +0 giant spiked club.
Found a stone staircase leading down.
A hound comes into view.
An orc comes into view. It is wielding a +0 dagger.
The orc shouts!
The hound barks!
You whack the orc!
You kill the orc!
You block the orc priest's attack. The orc warrior misses you.
You furiously retaliate!
You headbutt the orc warrior, but do no damage.
Things that are here:
a +0 war axe; a +0 giant spiked club; an orc corpse The orc priest mumbles some strange prayers to Beogh against you.
Beogh smites you!
The orc warrior hits you with a +0 short sword.
You barely miss the orc warrior. Your headbutt misses the orc warrior.
The hound pauses to sniff the ground.
The orc warrior hits you with a +0 short sword.
You hit the orc warrior.
The orc warrior is lightly wounded.
The orc priest hits you with a +0 war axe.
You block the orc priest's attack.
The orc warrior hits you with a +0 short sword!
* * * LOW HITPOINT WARNING * * *
You hit the orc warrior but do no damage.
The orc warrior is poisoned.
You headbutt the orc warrior.
The orc warrior is moderately wounded.
The orc priest calls upon Beogh to heal the orc warrior.
The orc warrior is healed somewhat.
The orc warrior closely misses you.
The orc priest calls upon Beogh to heal the orc warrior.
The orc warrior's wounds heal themselves!
The hound bites you but does no damage.
The orc warrior hits you with a +0 short sword.
* * * LOW HITPOINT WARNING * * *
The orc priest misses you.
The orc priest invokes the aid of Beogh against you.
Beogh smites you!
You die...

### !..#.. .
#..# .....##..
.... ......h
#....##.....
.#...#...o#
..........#
.##(......#
......hoo####
..#....@o...#
#...†........
#..............
.....#.........
.....#...##...#
....>...## .###
.... .#.# # ...
..#.#


You could see an orc warrior (poisoned), a hound, 2 orc priests and an orc.

Vanquished Creatures
  An ogre (D:5)
  A bullfrog (D:3)
  A necrophage (D:4)
  An orc priest (D:4)
  An orc wizard (D:3)
  7 adders
  4 worms
  A dart slug (D:1)
  19 orcs
  6 ball pythons
  2 endoplasms
  13 giant cockroaches
  11 goblins
  6 hobgoblins
  3 quokkas
  2 bats (D:3)
  A frilled lizard (D:1)
  6 kobolds
  3 rats
89 creatures vanquished.

Vanquished Creatures (others)
  A plant (D:3)
1 creature vanquished.

Grand Total: 90 creatures vanquished

Notes
Turn   | Place    | Note
-------+----------+-------------------------------------------
     0 | D:1      | GigaChad the Minotaur Fighter began the quest for the Orb.
     0 | D:1      | Reached XP level 1. HP: 19/19 MP: 0/0
   174 | D:1      | Reached skill level 4 in Armour
   206 | D:1      | Reached XP level 2. HP: 17/27 MP: 1/1
   561 | D:2      | Reached XP level 3. HP: 34/34 MP: 2/2
   643 | D:2      | Reached skill level 5 in Fighting
   737 | D:2      | Reached skill level 1 in Dodging
   743 | D:2      | Reached XP level 4. HP: 33/42 MP: 3/3
  1006 | D:2      | Found a faded altar of an unknown god.
  1119 | D:2      | Identified the +0 helmet of Patience {rCorr Str+3}
  1472 | D:3      | Noticed a bullfrog
  1484 | D:3      | Killed a bullfrog
  1485 | D:3      | Reached XP level 5. HP: 34/48 MP: 4/4
  2036 | D:4      | Found an ornate altar of the Wu Jian Council.
  2135 | D:4      | Reached skill level 5 in Dodging
  2326 | D:4      | Reached XP level 6. HP: 53/56 MP: 5/5
  2614 | D:4      | Reached skill level 5 in Armour
  2672 | D:5      | Entered Level 5 of the Dungeon
  2672 | D:5      | Noticed an orc warrior
  2677 | D:5      | Reached skill level 6 in Armour
  2684 | D:5      | Killed from afar by an orc priest

Illustrated notes

Levels and vault maps discovered:
D:1:      giann_wishing_wells, layout_basic
D:2:      minmay_roachtagon, layout_basic, shapermc_ecumenical_altar_mp_vishouse
D:3:      kennysheep_big_flooded_room, layout_rooms, serial_forest,
          infiniplex_forest_clump_small, infiniplex_forest_end_3,
          infiniplex_forest_clump_tiny, infiniplex_forest_lined_1,
          infiniplex_forest_straight_4, infiniplex_forest_clump_tiny,
          infiniplex_forest_clump_cross, infiniplex_forest_clump_curved,
          infiniplex_forest_lined_3
D:4:      layout_gridville, nicolae_wu_jian_glorious_leap
D:5:      layout_cave_pools, minmay_temple_entry_butterflies

Skill      XL: |  1  2  3  4  5  6 |
---------------+-------------------+-----
Armour         | 4 6 |  6.0
Fighting       | 4 5 |  5.1
Dodging        | 1 4 5 |  5.0
Long Blades    | |  2.4
Shields        | |  3.8

Action                   |  1- 3 |  4- 6 || total
-------------------------+-------+-------++-------
Melee: Long sword        |    63 |       ||    63
       Headbutt          |    15 |    22 ||    37
       Demon whip        |    19 |   104 ||   123
  Use: Scroll            |     2 |       ||     2
Armor: Scale mail        |    49 |    41 ||    90
Dodge: Dodged            |    43 |    58 ||   101
Block: Buckler           |    21 |    25 ||    46
